 Dungeon Crawl Stone Soup version 0.26.1-11-gd32895ea62 (webtiles) character file.

Game seed: 952302485558143246

194 Almogavar the Chopper (level 5, -6/47 HPs)
             Began as a Hill Orc Fighter on May 6, 2021.
             Mangled by an ogre
             ... wielding a +0 giant spiked club
              (21 damage)
             ... on level 3 of the Dungeon.
             The game lasted 00:05:50 (2341 turns).

Almogavar the Chopper (Hill Orc Fighter)            Turns: 2341, Time: 00:05:50

Health: -6/47      AC:  7    Str: 20    XL:     5   Next: 73%
Magic:  5/5        EV:  9    Int:  8    God:
Gold:   185        SH:  4    Dex: 10    Spells: 4/4 levels left

rFire    x . .     SeeInvis .   a - +0 war axe
rCold    + . .     Faith    .   j - +0 buckler
rNeg     . . .     Spirit   .   o - +0 scale mail (curse)
rPois    .         Reflect  .   (no helmet)
rElec    .         Harm     .   (no cloak)
rCorr    .         Rampage  .   (no gloves)
Will     .....                  (no boots)
Stlth    ..........             (no amulet)
HPRegen  0.15/turn              b - ring of ice
MPRegen  0.09/turn              i - +4 ring of slaying

@: no status effects
A: no striking features
a: no special abilities


You were on level 3 of the Dungeon.
You visited 1 branch of the dungeon, and saw 3 of its levels.

You collected 185 gold pieces.

Inventory:

Hand Weapons
 a - a +0 war axe (weapon)
Missiles
 h - 18 poisoned darts (quivered)
Armour
 c - a +0 kite shield
 j - a +0 buckler (worn)
 o - a cursed +0 scale mail (worn)
Jewellery
 b - a ring of ice (left hand)
 e - an uncursed ring of willpower
 i - a +4 ring of slaying (right hand)
Wands
 r - a wand of acid (12)
Scrolls
 f - 2 scrolls of magic mapping
 g - a scroll of enchant weapon
 l - 3 scrolls of fog
 m - a scroll of fear {unknown}
 n - a scroll of blinking {unknown}
Potions
 d - 2 potions of might
 k - a potion of brilliance {unknown}
 p - a potion of haste {unknown}
 q - a potion of magic {unknown}


   Skills:
 + Level 4.4 Fighting
 + Level 5.4 Axes
 + Level 4.3 Armour
 + Level 0.6 Dodging
 + Level 0.1 Stealth
 + Level 3.8 Shields


You had 4 spell levels left.
You didn't know any spells.
Your spell library was empty.

Dungeon Overview and Level Annotations

Branches:
Dungeon (3/15)

Altars:
Cheibriados
Nemelex Xobeh
Uskayaw
Yredelemnul


Message History

You block the goblin's attack.
You slash the goblin!
You kill the goblin!
No target in view!
An ogre comes into view. It is wielding a +0 giant spiked club.
The ogre shouts!
You hit the ogre.
The ogre is lightly wounded.
The ogre hits you with a +0 giant spiked club!
A goblin comes into view.
The goblin shouts!
You hit the ogre.
The ogre is moderately wounded.
The ogre hits you with a +0 giant spiked club!!
You are too injured to fight recklessly!
You are too injured to fight recklessly!
You barely miss the ogre.
The ogre is moderately wounded.
The ogre hits you with a +0 giant spiked club!!
You die...

#######.########......
#...###........##.....
#.........#...........
###.........#...###...
#.............# #...
#........#.)...##...
#........##>........
#.................#.
###@...#........#.#.
#O.....#..........
.g.#.#........#...
....#.#.....##.##..
.#.###.# #..........
#... #.......... # ##
###........ #........
#.####...


You could see an ogre and a goblin.

Vanquished Creatures
  A necrophage (D:2)
  4 adders
  A worm (D:2)
  A dart slug (D:3)
  3 leopard geckos
  A ball python (D:2)
  3 giant cockroaches
  7 hobgoblins
  4 jackals (D:3)
  11 kobolds
  2 quokkas
  8 bats
  4 frilled lizards
  10 goblins
  5 rats
65 creatures vanquished.

Notes
Turn   | Place    | Note
-------+----------+-------------------------------------------
     0 | D:1      | Almogavar the Hill Orc Fighter began the quest for the Orb.
     0 | D:1      | Reached XP level 1. HP: 19/19 MP: 1/1
   254 | D:1      | Reached skill level 3 in Axes
   332 | D:1      | Reached XP level 2. HP: 27/27 MP: 2/2
  1176 | D:2      | Noticed a necrophage
  1181 | D:2      | Reached XP level 3. HP: 27/32 MP: 3/3
  1186 | D:2      | Killed a necrophage
  1187 | D:2      | Reached skill level 4 in Axes
  1187 | D:2      | Reached XP level 4. HP: 13/40 MP: 4/4
  1358 | D:2      | Found a basalt altar of Yredelemnul.
  1424 | D:2      | Reached skill level 5 in Axes
  1424 | D:2      | Reached XP level 5. HP: 46/46 MP: 5/5
  1769 | D:2      | Found a sparkling altar of Nemelex Xobeh.
  2130 | D:3      | Noticed a +0 hand axe
  2131 | D:3      | Found a hide-covered altar of Uskayaw.
  2131 | D:3      | Noticed a -1 hand axe
  2287 | D:3      | Found a snail-covered altar of Cheibriados.
  2335 | D:3      | Noticed an ogre
  2341 | D:3      | Mangled by an ogre

Illustrated notes

Levels and vault maps discovered:
D:1:      dpeg_arrival_boxorama, layout_loops_ring, minmay_small_reverse_x
D:2:      layout_basic, nemelex_xobeh_ov_fountains_minmay,
          overflow_temple_1_default
D:3:      layout_rooms, dancing_weapons_uskayaw, cheibriados_altar_1,
          gammafunk_temple_overflow_wave, minmay_quantized

Skill      XL: |  1  2  3  4 |
---------------+-------------+-----
Axes           | 3 4 5 |  5.4
Fighting       | 4 |  4.4
Armour         | 4 |  4.3
Dodging        | |  0.6
Stealth        | |  0.1
Shields        | |  3.8

Action                   |  1- 3 |  4- 6 || total
-------------------------+-------+-------++-------
Melee: War axe           |    60 |    85 ||   145
  Use: Scroll            |     1 |     3 ||     4
Armor: Scale mail        |    27 |    39 ||    66
Dodge: Dodged            |    22 |    33 ||    55
Block: Kite shield       |     8 |       ||     8
       Buckler           |     7 |    24 ||    31
